 Dungeon Crawl Stone Soup version 0.30-a0-250-g41c1d76940 (webtiles) character file.

Game seed: 2810716468923675566

134252 koil the Unseen (level 16, -3/78 (86) HPs)
             Began as a Spriggan Enchanter on Oct 12, 2022.
             Was the Champion of Okawaru.
             Slain by a pharaoh ant (4 damage)
             ... on level 3 of the Spider Nest.
             The game lasted 04:56:14 (36975 turns).

koil the Unseen (Spriggan Enchanter)               Turns: 36975, Time: 04:56:14

HP:   -3/78 (86)    AC:  3    Str:  4    XL:     16   Next: 61%
MP:   23/31         EV: 34    Int: 24    God:    Okawaru [******]
Gold: 2490          SH: 12    Dex: 24    Spells: 29/35 levels left

rFire   + + .      SeeInvis +    A - +8 dagger "Odimax" {pain, rElec rF+}
rCold   + + +      Faith    .    D - +3 warlock's mirror {reflect}
rNeg    . . .      Spirit   .    L - +2 robe {rC+ rF+}
rPois   .          Reflect  +    (helmet restricted)
rElec   +          Harm     .    y - +2 cloak
rCorr   +          Rampage  .    (gloves unavailable)
Will    ++++.                    (boots unavailable)
Stlth   +++++++++.               T - amulet of magic regeneration
HPRegen 0.33/turn                C - ring "Buoz" {Fly rC+ Will+ rCorr SInv}
MPRegen 0.62/turn                a - ring "Deuwkoel" {Will+ Int+6 Dex+2 Stlth+}

@: confusing by touch, corroded, flying, drained, very quick
A: very small, no large weapons, unfitting armour, see invisible, speed 3, cold
resistance 1
a: Renounce Religion, Heroism, Finesse, Duel


You were on level 3 of the Spider Nest.
You worshipped Okawaru.
Okawaru was exalted by your worship.
You visited 5 branches of the dungeon, and saw 27 of its levels.
You also visited: Gauntlet.

You collected 3011 gold pieces.
You spent 521 gold pieces at shops.

Inventory:

Hand Weapons
 r - a +0 rapier of venom
 x - a +4 short sword of flaming
 A - the +8 dagger "Odimax" (weapon) {pain, rElec rF+}
   (Okawaru gifted it to you on level 15 of the Dungeon)

   In the hands of one skilled in necromantic magic, it inflicts extra damage on
   living creatures.
   rF:        It protects you from fire.
   rElec:     It insulates you from electricity.
 I - a +5 short sword of venom
 W - a +4 dagger of venom
Missiles
 i - 13 curare-tipped darts
 G - 9 atropa-tipped darts
 H - 19 poisoned darts
Armour
 y - a +2 cloak (worn)
 D - the +3 warlock's mirror (worn) {reflect}
   (You acquired it on level 4 of the Lair of Beasts)

   It can block and reflect piercing ranged attacks and magical attacks against
   the wielder's willpower.
 L - a +2 robe of resistance (worn)
Jewellery
 a - the ring "Deuwkoel" (right hand) {Will+ Int+6 Dex+2 Stlth+}
   (You acquired it on level 1 of the Spider Nest)

   [ring of intelligence]

   Int:       It affects your intelligence (+6).
   Dex:       It affects your dexterity (+2).
   Will:      It increases your willpower.
   Stlth:     It makes you more stealthy.
 l - a ring of ice
 s - a ring of willpower
 v - a ring of protection from cold
 B - a +4 ring of protection
 C - the ring "Buoz" (left hand) {Fly rC+ Will+ rCorr SInv}
   (You found it on level 9 of the Dungeon)

   [ring of flight]

   rC:        It protects you from cold.
   SInv:      It lets you see invisible.
   Fly:       It grants you flight.
   rCorr:     It protects you from acid and corrosion.
   Will:      It increases your willpower.
 F - a ring of fire
 Q - the ring "Amahezo" {Fire rElec rCorr Stlth+}
   (You found it on level 3 of the Lair of Beasts)

   [ring of fire]

   It enhances your fire magic.
   rF:        It protects you from fire.
   rC:        It makes you vulnerable to cold.
   rElec:     It insulates you from electricity.
   rCorr:     It protects you from acid and corrosion.
   Stlth:     It makes you more stealthy.
 T - an amulet of magic regeneration (around neck)
Wands
 e - a wand of polymorph (2)
 j - a wand of paralysis (29)
 n - a wand of iceblast (14)
 o - a wand of digging (16)
 t - a wand of light (18)
 E - a wand of flame (8)
 Z - a wand of mindburst (4)
Scrolls
 f - 2 scrolls of silence
 h - a scroll of fear
 k - 4 scrolls of magic mapping
 q - 12 scrolls of teleportation
 u - 3 scrolls of butterflies
 z - 6 scrolls of identify
 N - 6 scrolls of enchant armour
 O - 4 scrolls of enchant weapon
 R - a scroll of summoning
 X - 3 scrolls of blinking
Potions
 b - a potion of mutation
 c - 4 potions of invisibility
 d - 7 potions of haste
 g - 2 potions of resistance
 m - 3 potions of might
 p - 9 potions of curing
 w - 6 potions of brilliance
 J - 4 potions of ambrosia
 U - 3 potions of lignification
 V - a potion of cancellation
Miscellaneous
 K - a piece from Xom's chessboard (15/15)


   Skills:
 + Level 10.8 Fighting
 - Level 11.1 Short Blades
 + Level 16.5 Dodging
 + Level 19.5 Stealth
 + Level 7.9 Shields
 - Level 10.0 Spellcasting
 - Level 10.0 Hexes
 * Level 9.1 Ice Magic
 - Level 5.0 Invocations
 - Level 5.0 Evocations


You had 29 spell levels left.
You knew the following spells:

 Your Spells              Type           Power      Damage    Failure   Level
a - Ensorcelled Hibernat  Hex/Ice        100%       N/A       1%          2
b - Confusing Touch       Hex            56%        N/A       1%          3
c - Freeze                Ice            100%       1d10      1%          1

Your spell library contained the following spells:

 Spells                   Type           Power      Damage    Failure   Level
 Frozen Ramparts          Ice            100%       1d16      1%          3
 Ozocubu's Armour         Ice            54%        N/A       1%          3
 Dazzling Flash           Conj/Hex       72%        N/A       3%          3
 Inner Flame              Hex/Fire       36%        N/A       3%          3
 Portal Projectile        Hex/Tloc       72%        N/A       3%          3
 Hailstorm                Conj/Ice       34%        3d9       4%          3
 Metabolic Englaciation   Hex/Ice        27%        N/A       4%          5
 Apportation              Tloc           24%        N/A       9%          1
 Necrotise                Necr           48%        1d6       9%          1
 Sandblast                Erth           24%        2d8       9%          1
 Shock                    Conj/Air       48%        1d6       9%          1
 Leda's Liquefaction      Hex/Erth       18%        N/A       12%         4
 Passwall                 Tmut/Erth      10%        N/A       14%         2
 Scorch                   Fire           24%        2d6       14%         2
 Ignite Poison            Fire/Tmut/Pois 12%        N/A       26%         3
 Stone Arrow              Conj/Erth      24%        3d8       26%         3
 Swiftness                Air            12%        N/A       26%         3
 Vampiric Draining        Necr           12%        2d6       26%         3
 Vhi's Electric Charge    Tloc/Air       24%        N/A       26%         3
 Yara's Violent Unravell  Hex/Tmut       18%        3d9       32%         5
 Freezing Cloud           Conj/Ice/Air   13%        6-21      58%         5
 Airstrike                Air            6%         2d(1-17)  65%         4
 Flame Wave               Conj/Fire      12%        2d6       65%         4
 Manifold Assault         Tloc           12%        N/A       65%         4
 Passage of Golubria      Tloc           12%        N/A       65%         4
 Sticky Flame             Conj/Fire      12%        2d4       65%         4
 Agony                    Necr           12%        N/A       94%         5
 Borgnjor's Vile Clutch   Necr/Erth      6%         N/A       94%         5
 Ignition                 Fire           6%         3d4       100%        8
 Polar Vortex             Ice            27%        N/A       100%        9
 Tukima's Dance           Hex            Unusable   N/A       N/A         3
 Summon Guardian Golem    Hex/Summ       Unusable   N/A       N/A         3
 Summon Small Mammal      Summ           Unusable   N/A       N/A         1
 Call Canine Familiar     Summ           Unusable   N/A       N/A         3
 Animate Dead             Necr           Unusable   N/A       N/A         4
 Simulacrum               Ice/Necr       Unusable   N/A       N/A         6
 Death Channel            Necr           Unusable   N/A       N/A         6
 Summon Cactus Giant      Summ           Unusable   N/A       N/A         6
 Malign Gateway           Summ/Tloc      Unusable   N/A       N/A         7
 Summon Horrible Things   Summ           Unusable   N/A       N/A         8

Dungeon Overview and Level Annotations

Branches:
Dungeon (15/15) Temple (1/1) D:4 Lair (5/5) D:8 Shoals (0/4) Lair:2 Spider (4/4) Lair:2 Slime (0/5) Lair:5 Orc (2/2) D:10 Elf (0/3) Orc:2 Vaults (0/5) D:13 D:14 Depths (0/4) D:15 Gauntlet (visited)

Altars:
Ashenzari
Cheibriados
Elyvilon
Fedhas
Gozag
Kikubaaqudgha
Makhleb
Okawaru
Qazlal
Ru
Sif Muna
Trog
Vehumet
Wu Jian
Xom
Yredelemnul
Zin
The Shining One

Shops:
D:2 :   D:14 *   Orc:2 ?:*[*

Portals:
Trove: D:11 (give +6 fire dragon scales)


Innate Abilities, Weirdness & Mutations

You are very small and have problems with some larger weapons.
You are too small for most types of armour.
You have supernaturally acute eyesight. (SInv)
You cover ground extremely quickly. (Speed+++)
Your flesh is cold resistant. (rC+)


Message History

You hit the wolf spider but do no damage.
The wolf spider appears confused.
The entropy weaver casts a spell at you.
The entropic weave corrodes you!
Unknown command.
You hit the wolf spider.
The wolf spider is lightly wounded.
The wolf spider's wounds heal themselves!
The boulder beetle curls into a ball and begins rolling!
You hit the wolf spider.
The wolf spider is lightly wounded.
You carefully extract the barbed spikes from your body.
The wolf spider completely misses you. x2
The entropy weaver completely misses you. x2
You block the entropy weaver's attack. The entropy weaver closely misses you.
There is a stone staircase leading up, spattered with blood here.
The pharaoh ant misses you. The wolf spider misses you.
The wolf spider completely misses you. You block the entropy weaver's attack.
The entropy weaver completely misses you.
The entropy weaver closely misses you. The entropy weaver misses you.
You fly upwards.
There is a stone staircase leading down, spattered with blood here.
Casting: Confusing Touch (safe; 1% risk of failure)
Confirm with . or Enter, or press ? or * to list all spells.
Your hands begin to glow red.
You block the pharaoh ant's attack. You block the entropy weaver's attack.
The entropy weaver hits you! x2
The entropy weaver hits you. The pharaoh ant bites you!!
You feel drained.
Unknown command.
Unknown command.
Unknown command.
Casting: Confusing Touch (safe; 1% risk of failure)
Confirm with . or Enter, or press ? or * to list all spells.
Your hands begin to glow brighter.
The entropy weaver closely misses you.
The entropy weaver completely misses you.
The entropy weaver hits you.
* * * LOW HITPOINT WARNING * * *
The entropy weaver misses you. The pharaoh ant bites you!!
* * * LOW HITPOINT WARNING * * *
You feel drained.
You die...

#..####...###..## #.
#..##.###.##....##
#.
#^....)...#..#...#
#.
##...#^.#.#..##.^##
##.
#####..###...##..#
#.. ###..#
###..#..## ##.
####.#..####..###..#
#. #......##.##..#
#..# ###.
#....#.#..B@B.###..#
##.^.
#..####....†^###..##
#....
#.#..#..##.######..#
##.^.
#......######...#††#
##... ##..#.##
###.^.#..# #....
#...#######...#....#
##...
#....###.##..###.###
#....
#.#..#.#.....#####
##..#
#.#.....#.#...# #^^#


You could see an entropy weaver and a pharaoh ant.

Vanquished Creatures
  The ghost of jejorda2 the Phalangite, an adept MfBe of Trog (D:15)
  A fire giant (D:14)
  An emperor scorpion (Spider:2)
  2 broodmothers (Spider:3)
  Josephine (D:10)
  An entropy weaver (Spider:3)
  The ghost of themarg the Cleaver, a journeyman MiMo of Nemelex Xobeh (D:11)
  An ice dragon (Lair:5)
  A vault guard (D:11)
  A catoblepas (Lair:1)
  A jorogumo (Spider:3)
  The ghost of Ekaitz the Arsonist, a journeyman DsFE of Sif Muna (Lair:3)
  7 centaur warriors
  3 hydras
  2 radroaches (Spider:3)
  9 boulder beetles
  6 two-headed ogres
  2 death knights
  A tengu warrior (D:13)
  A deep troll earth mage (D:14)
  Urug (D:14)
  2 orc high priests (Orc:1)
  2 sun moths
  A fire crab (D:14)
  A glowing orange brain (D:14)
  7 steelbarb worms
  3 pharaoh ants
  5 orb spiders
  Pikel (D:9)
  6 orc knights
  A necromancer (D:15)
  2 lindwurms (Lair:5)
  8 deep elf pyromancers
  3 orc sorcerers (D:15)
  9 wolf spiders
  8 cyclopes
  20 ugly things
  4 manticores
  A guardian serpent (Lair:5)
  Maurice (D:8)
  A merfolk siren (Lair:2)
  5 black mambas (Lair:5)
  7 torpor snails
  20 cane toads
  A centaur skeleton (D:10)
  3 kobold demonologists (D:11)
  An efreet (D:15)
  10 komodo dragons
  3 rime drakes
  A redback zombie (D:15)
  5 demonic crawlers
  4 unseen horror zombies
  3 tengu conjurers
  9 trolls
  2 polar bears (Lair:5)
  13 tarantellas
  13 hornets
  3 tyrant leeches (Lair:5)
  14 slime creatures
  18 blink frogs
  12 culicivoras
  14 jumping spiders
  Sigmund (D:5)
  13 wyverns
  A shadow (D:10)
  5 basilisks
  4 wraiths (D:10)
  36 yaks
  16 humans
  A steam dragon (D:9)
  43 redbacks
  9 vampire mosquitoes
  Grum (D:8)
  2 wargs (Orc:2)
  3 acid dragons
  2 hydra simulacra (Lair:3)
  Duvessa (D:5)
  20 water moccasins
  2 black bears
  A sky beast (D:8)
  2 ice beasts
  41 orc warriors
  A black bear (shapeshifter) (D:15)
  4 ogres
  2 black mamba simulacra (Lair:3)
  11 centaurs
  20 wolves
  A phantom (D:4)
  8 kobold brigands
  15 bullfrogs
  2 gnoll sergeants
  2 necrophages
  2 wyvern zombies (D:9)
  3 scorpions
  Dowan (D:5)
  A dream sheep simulacrum (Lair:3)
  3 howler monkeys
  5 centaur zombies
  11 jellies
  23 orc priests
  A gnoll bouda (D:6)
  2 hounds
  2 iguanas (D:5)
  17 orc wizards
  A killer bee zombie (D:9)
  2 centaur simulacra
  A basilisk simulacrum (Lair:3)
  A mummy (D:7)
  2 howler monkey zombies (D:9)
  16 gnolls
  14 adders
  2 white imps
  2 ufetubi
  2 worms (D:2)
  5 dart slugs
  82 orcs
  3 bats
  10 endoplasms
  2 giant cockroaches (D:3)
  3 goblins
  4 hobgoblins
  10 jackals
  11 kobolds
  2 quokkas
  6 ball pythons
  4 frilled lizards
  A rat (D:3)
819 creatures vanquished.

Vanquished Creatures (collateral kills)
  A redback (Spider:1)
1 creature vanquished.

Vanquished Creatures (others)
  A frost giant (D:14)
  A tarantella (Spider:4)
  A redback (Lair:5)
  An orc wizard (Orc:1)
  An orc (Orc:1)
  33 fungi
  82 plants
120 creatures vanquished.

Grand Total: 940 creatures vanquished

Notes
Turn   | Place    | Note
-------+----------+-------------------------------------------
     0 | D:1      | koil the Spriggan Enchanter began the quest for the Orb.
     0 | D:1      | Reached XP level 1. HP: 9/9 MP: 5/5
   383 | D:1      | Reached XP level 2. HP: 8/13 MP: 6/6
   414 | D:1      | Learned a level 2 spell: Ensorcelled Hibernation
   988 | D:2      | Reached XP level 3. HP: 17/17 MP: 8/8
   994 | D:2      | Reached skill level 5 in Stealth
  1323 | D:2      | Found Deejeyt's Book Shop.
  1358 | D:2      | Reached XP level 4. HP: 21/21 MP: 6/9
  1586 | D:3      | Reached skill level 1 in Fighting
  1700 | D:3      | Learned a level 3 spell: Confusing Touch
  1811 | D:3      | Found a burning altar of Makhleb.
  2072 | D:3      | Found a glowing silver altar of Zin.
  2121 | D:3      | Found a stormy altar of Qazlal.
  2302 | D:3      | Reached XP level 5. HP: 25/25 MP: 11/11
  2536 | D:4      | Noticed a phantom
  2553 | D:4      | Killed a phantom
  2554 | D:4      | Reached skill level 1 in Ice Magic
  3093 | D:4      | Found a broken altar of Ashenzari.
  3097 | D:4      | Saw a vision of the Shoals and the Spider Nest.
  3097 | D:4      | Noticed a water nymph
  3097 | D:4      | Noticed a merfolk impaler
  3097 | D:4      | Noticed a snapping turtle
  3097 | D:4      | Noticed a water elemental
  3097 | D:4      | Noticed a steelbarb worm
  3097 | D:4      | Noticed a radroach
  3097 | D:4      | Noticed a jumping spider
  3097 | D:4      | Noticed a sun moth
  3097 | D:4      | Noticed a sun moth
  3097 | D:4      | Noticed a meliai
  3097 | D:4      | Noticed a snapping turtle
  3097 | D:4      | Noticed a merfolk
  3097 | D:4      | Noticed a snapping turtle
  3097 | D:4      | Noticed a merfolk aquamancer
  3097 | D:4      | Noticed a redback
  3097 | D:4      | Noticed a redback
  3097 | D:4      | Noticed a redback
  3097 | D:4      | Noticed a snapping turtle
  3097 | D:4      | Noticed a wolf spider
  3097 | D:4      | Noticed a radroach
  3097 | D:4      | Noticed a sea snake
  3097 | D:4      | Noticed a tarantella
  3098 | D:4      | Noticed a culicivora
  3098 | D:4      | Noticed a jumping spider
  3098 | D:4      | Noticed a wind drake
  3098 | D:4      | Noticed a manticore
  3098 | D:4      | Noticed a radroach
  3099 | D:4      | Noticed a merfolk
  3099 | D:4      | Noticed a merfolk
  3100 | D:4      | Noticed a demonic crawler
  3121 | D:4      | Found a staircase to the Ecumenical Temple.
  3315 | Temple   | Entered the Ecumenical Temple
  3330 | Temple   | Became a worshipper of Warmaster Okawaru
  3363 | D:5      | Entered Level 5 of the Dungeon
  3366 | D:5      | Reached XP level 6. HP: 30/30 MP: 12/12
  3374 | D:5      | Noticed Sigmund
  3376 | D:5      | Reached skill level 6 in Stealth
  3395 | D:5      | Killed Sigmund
  3512 | D:5      | Reached skill level 5 in Hexes
  3512 | D:5      | Reached XP level 7. HP: 35/35 MP: 10/14
  3693 | D:5      | Reached * piety under Okawaru
  3860 | D:5      | Reached skill level 5 in Dodging
  3909 | D:5      | HP: 1/35 [white imp/puff of frost (8)]
  3929 | D:5      | Noticed Dowan
  4037 | D:5      | Noticed Duvessa
  4050 | D:5      | Killed Dowan
  4051 | D:5      | Reached skill level 7 in Stealth
  4268 | D:5      | Killed Duvessa
  4269 | D:5      | Reached XP level 8. HP: 13/39 MP: 13/16
  4709 | D:6      | Reached skill level 5 in Spellcasting
  4722 | D:6      | Reached ** piety under Okawaru
  5292 | D:6      | Found an ornate altar of the Wu Jian Council.
  5323 | D:6      | Found a sacrificial altar of Ru.
  5959 | D:7      | Reached skill level 8 in Stealth
  6967 | D:7      | Found a snail-covered altar of Cheibriados.
  7042 | D:7      | Found a white marble altar of Elyvilon.
  7049 | D:7      | Reached skill level 5 in Short Blades
  7234 | D:8      | Reached XP level 9. HP: 43/44 MP: 15/18
  7361 | D:8      | Reached *** piety under Okawaru
  7385 | D:8      | Noticed Grum
  7426 | D:8      | Killed Grum
  7662 | D:8      | Found a staircase to the Lair.
  7724 | D:8      | Noticed Maurice
  7727 | D:8      | Killed Maurice
  7728 | D:8      | Reached skill level 9 in Stealth
  7920 | D:8      | Reached **** piety under Okawaru
  8210 | D:9      | Identified the ring "Buoz" {Fly rC+ Will+ rCorr SInv}
  8275 | D:9      | Noticed a troll
  8277 | D:9      | Noticed Pikel
  8282 | D:9      | Noticed a two-headed ogre
  8331 | D:9      | Killed a troll
  8379 | D:9      | Killed Pikel
  8380 | D:9      | Reached XP level 10. HP: 51/51 MP: 18/21
  8401 | D:9      | Killed a two-headed ogre
  8401 | D:9      | Reached ***** piety under Okawaru
  8402 | D:9      | Reached skill level 10 in Stealth
  8920 | D:9      | Found a basalt altar of Yredelemnul.
  8946 | D:9      | Received a gift from Okawaru
  8947 | D:9      | Reached skill level 1 in Evocations
  9065 | D:9      | Reached skill level 5 in Fighting
  9351 | D:10     | Entered Level 10 of the Dungeon
  9455 | D:10     | Noticed Josephine
  9602 | D:10     | Found a staircase to the Orcish Mines.
  9645 | D:10     | Reached XP level 11. HP: 55/56 MP: 23/23
  9699 | D:10     | Noticed a two-headed ogre
  9729 | D:9      | Identified the -2 hat of the Elephant {rPois rC+ Will+
                  | Dex-4} (Okawaru gifted it to you on level 9 of the Dungeon)
  9729 | D:9      | Received a gift from Okawaru
  9770 | D:10     | Killed Josephine
  9771 | D:10     | Reached skill level 11 in Stealth
  9771 | D:10     | Reached skill level 5 in Ice Magic
  9879 | D:10     | Killed a two-headed ogre
 10811 | D:10     | Reached skill level 1 in Invocations
 10845 | D:10     | Identified a scroll of acquirement
 11296 | Lair:1   | Entered Level 1 of the Lair of Beasts
 11395 | Lair:1   | Reached skill level 12 in Stealth
 11461 | D:8      | Reached ****** piety under Okawaru
 11569 | Lair:1   | Identified the +8 swamp dragon scales of the Invisible Hand
                  | {rPois rN++ Str-3} (Okawaru gifted it to you on level 1 of
                  | the Lair of Beasts)
 11569 | Lair:1   | Received a gift from Okawaru
 11596 | Lair:1   | Reached skill level 10 in Dodging
 11770 | Lair:1   | Noticed a catoblepas
 11791 | Lair:1   | Reached XP level 12. HP: 60/61 MP: 14/25
 11910 | Lair:1   | Killed a catoblepas
 12625 | Lair:2   | Reached skill level 5 in Invocations
 12778 | Lair:2   | Found a staircase to the Shoals.
 12886 | Lair:2   | Reached skill level 13 in Stealth
 13154 | Lair:2   | Found a hole to the Spider Nest.
 13806 | Lair:3   | Received a gift from Okawaru
 13845 | Lair:3   | Found a gate leading to a gauntlet.
 13852 | Gauntlet | Entered a Gauntlet
 13852 | Gauntlet | Found a transporter.
 13863 | Gauntlet | Found a transporter.
 13864 | Gauntlet | Noticed a blizzard demon
 13898 | Gauntlet | Found a transporter.
 13910 | Gauntlet | Found a transporter.
 13910 | Gauntlet | Found the +3 Mad Mage's Maulers {Infuse+∞ RegenMP Int-3}
 13914 | Gauntlet | Found a transporter.
 13916 | Gauntlet | Found a transporter.
 13919 | Gauntlet | Found a transporter.
 13919 | Gauntlet | Noticed a death yak
 13922 | Gauntlet | Noticed a death yak
 13922 | Gauntlet | Noticed a death yak
 13923 | Gauntlet | Noticed a death yak
 13923 | Gauntlet | Noticed a death yak
 13923 | Gauntlet | Noticed a death yak
 13932 | Gauntlet | Found a transporter.
 13936 | Gauntlet | Found a transporter.
 13959 | Gauntlet | Noticed a reaper
 13962 | Gauntlet | Found a transporter.
 13981 | Gauntlet | Found a transporter.
 13985 | Gauntlet | Found a transporter.
 14043 | Gauntlet | Noticed a great orb of eyes
 14043 | Gauntlet | a great orb of eyes changed into an ice dragon
 14043 | Gauntlet | Noticed an ice dragon (glowing shapeshifter)
 14051 | Gauntlet | an ice dragon changed into a quicksilver ooze
 14051 | Gauntlet | Noticed a quicksilver ooze (glowing shapeshifter)
 14258 | Lair:3   | Noticed Ekaitz's ghost (journeyman DsFE)
 14328 | Lair:3   | Found a runed translucent gate.
 14329 | Lair:3   | Found a runed translucent gate.
 14330 | Lair:3   | Found a runed translucent gate.
 14334 | Lair:3   | Reached skill level 14 in Stealth
 14848 | Lair:4   | Acquired the +3 warlock's mirror {reflect}
 14848 | Lair:4   | Found the +3 warlock's mirror {reflect}
 14894 | Lair:4   | You are sucked into a shaft and drop 1 floor!
 14894 | Lair:5   | Entered Level 5 of the Lair of Beasts
 14932 | Lair:4   | Noticed an eight-headed hydra
 15123 | Lair:4   | Reached skill level 10 in Short Blades
 15305 | Lair:4   | Killed an eight-headed hydra
 15306 | Lair:4   | Reached skill level 1 in Shields
 15306 | Lair:4   | Reached XP level 13. HP: 59/67 MP: 17/26
 15979 | Lair:4   | Identified the +9 quick blade "Paach" {distort, Str+8}
                  | (Okawaru gifted it to you on level 4 of the Lair of Beasts)
 15979 | Lair:4   | Received a gift from Okawaru
 16437 | Lair:5   | Reached skill level 15 in Stealth
 17106 | Lair:5   | Identified the +8 rapier of War {flame, *Slow Fly rC+
                  | Will+} (Okawaru gifted it to you on level 5 of the Lair of
                  | Beasts)
 17106 | Lair:5   | Received a gift from Okawaru
 17187 | Lair:5   | Found a staircase to the Slime Pits.
 17879 | Lair:5   | Found a runed translucent door.
 17914 | Lair:5   | Upgraded the game from 0.30-a0-242-g7bf8e6d787 to
                  | 0.30-a0-250-g41c1d76940
 18213 | Lair:5   | Reached skill level 16 in Stealth
 18221 | Lair:5   | Identified the +0 robe "Uxees" {rF+} (Okawaru gifted it to
                  | you on level 5 of the Lair of Beasts)
 18221 | Lair:5   | Received a gift from Okawaru
 18452 | Lair:5   | Reached XP level 14. HP: 74/74 MP: 24/27
 18949 | Lair:3   | Killed Ekaitz's ghost
 19134 | Lair:3   | Got the ring "Amahezo" {Fire rElec rCorr Stlth+}
 19379 | Temple   | Gained mutation: Your flesh is cold resistant. (rC+)
                  | [potion of mutation]
 19561 | Orc:1    | Entered Level 1 of the Orcish Mines
 20337 | Orc:2    | Entered Level 2 of the Orcish Mines
 20789 | Orc:1    | Reached skill level 5 in Shields
 21252 | Orc:2    | Found Ymiwk's Assorted Antiques.
 21252 | Orc:2    | Found Weuz Rycs's Book Shoppe.
 21254 | Orc:2    | Found Voxucom's Magic Scroll Emporium.
 21257 | Orc:2    | Found Etoun's Antique Armour Shop.
 21547 | Orc:2    | Bought a scroll of silence for 142 gold pieces
 21606 | Orc:2    | Found a staircase to the Elven Halls.
 21692 | Orc:2    | Found Laof's Assorted Antiques.
 21704 | Orc:2    | Bought a scroll labelled TATHIO OHEWU for 27 gold pieces
 21704 | Orc:2    | Bought a scroll labelled AGUUVI HEHO for 27 gold pieces
 23030 | D:11     | Found a portal to a secret trove of treasure.
 23565 | D:11     | Reached skill level 17 in Stealth
 23710 | D:11     | Found a runed translucent gate.
 23711 | D:11     | Found a runed translucent gate.
 23712 | D:11     | Found a runed translucent gate.
 23712 | D:11     | Noticed themarg's ghost (journeyman MiMo)
 24596 | D:11     | Killed themarg's ghost
 25066 | D:12     | Reached skill level 5 in Evocations
 25149 | D:12     | Received a gift from Okawaru
 25466 | D:12     | Found a sacrificial altar of Ru.
 26152 | D:13     | Reached XP level 15. HP: 46/79 MP: 27/29
 26354 | D:14     | Noticed Urug
 26354 | D:14     | Found a gate to the Vaults.
 26430 | D:13     | Identified the +0 robe "Teonu" {rF+ rN+ Stlth- Archmagi}
                  | (Okawaru gifted it to you on level 13 of the Dungeon)
 26430 | D:13     | Received a gift from Okawaru
 27013 | D:14     | Killed Urug
 27368 | D:14     | Found a radiant altar of Vehumet.
 27387 | D:14     | Reached skill level 10 in Hexes
 27649 | D:14     | Reached skill level 15 in Dodging
 27870 | D:14     | Reached skill level 10 in Spellcasting
 28016 | D:14     | Noticed a fire giant
 28025 | D:14     | Noticed a frost giant
 28027 | D:14     | Killed a fire giant
 28028 | D:14     | Reached skill level 18 in Stealth
 28060 | D:14     | Killed a frost giant
 28127 | D:14     | Identified the +0 leather armour of the Trees {rElec rN+
                  | Dex-4 Slay+3}
 29045 | D:14     | Learned a level 1 spell: Freeze
 29049 | D:14     | Found Ciskiq's Fire Supplies.
 29065 | D:14     | Bought a ring of protection from fire for 325 gold pieces
 29399 | D:15     | Entered Level 15 of the Dungeon
 29641 | D:15     | Found a runed translucent door.
 29641 | D:15     | Noticed jejorda2's ghost (adept MfBe)
 29645 | D:15     | Reached skill level 10 in Fighting
 29719 | D:15     | Found a staircase to the Depths.
 30092 | D:15     | Identified the +8 dagger "Odimax" {pain, rElec rF+}
                  | (Okawaru gifted it to you on level 15 of the Dungeon)
 30092 | D:15     | Received a gift from Okawaru
 30580 | D:15     | Killed jejorda2's ghost
 31517 | Spider:1 | Entered Level 1 of the Spider Nest
 31901 | Spider:1 | Acquired the ring "Deuwkoel" {Will+ Int+6 Dex+2 Stlth+}
 32001 | Spider:1 | Reached XP level 16. HP: 57/86 MP: 31/31
 32228 | Spider:1 | Acquired Ytioq's Tome of Bedrock and Wanderlust
 32763 | Spider:2 | Received a gift from Okawaru
 33922 | Spider:2 | Reached skill level 19 in Stealth
 34086 | Spider:2 | Received a gift from Okawaru
 35886 | Spider:3 | Received a gift from Okawaru
 36125 | Spider:4 | Entered Level 4 of the Spider Nest
 36547 | Spider:4 | Received a gift from Okawaru
 36975 | Spider:3 | HP: 1/81 [pharaoh ant (21)]
 36975 | Spider:3 | Slain by a pharaoh ant

Illustrated notes

Levels and vault maps discovered:
D:1:      saegor_arrival_miasma, layout_loops_corners
D:2:      layout_loops_ring, serial_shops, nicolae_shop_stone, nicolae_titane
D:3:      layout_basic, pf_just_have_faith, mainiacjoe_overflow_cross_hatched,
          grunt_qazlal_sundering, st_stairs_2, minmay_door_square
D:4:      layout_loops_ring, grunt_ashenzari_visionary
          [grunt_ashenzari_visionary_shoals, grunt_ashenzari_visionary_spider],
          minmay_temple_entry_gardened_gates
D:5:      layout_loops_ring, kennysheep_another_room, uniq_duvessa, uniq_sigmund
D:6:      layout_basic, minitemple, hangedman_abyss_or_decor_stagger,
          hangedman_decor_peaks_small, nicolae_fountain_basement
D:7:      layout_basic, chei_slow_surprise, lemuel_crystal_altar
D:8:      layout_basic, lair_entry_dummy, uniq_maurice, uniq_grum
D:9:      layout_small_grid, nicolae_yredelemnul_corpse_copse, uniq_pikel
D:10:     layout_cross, david_orc_3, serial_column_ruins,
          column_ruins_square_small, column_ruins_columns_straight,
          column_ruins_columns_corner, column_ruins_grid_2,
          column_ruins_corridor_corner, hangedman_weighted_door, uniq_josephine
D:11:     layout_roguey, gammafunk_ghost_nasty_kobolds, enter_trove_5
D:12:     layout_small_grid, nicolae_ru_path_of_blood
D:13:     layout_irregular_city
D:14:     kennysheep_large_spiral, layout_irregular_city, david_vaults_3,
          nicolae_kite_square_tiling_tiny, nicolae_shop_fire_sale
          [nicolae_sub_dead_trees], minmay_misc_feat_tiny, minivault_14,
          vehumet_altar_wand_db
D:15:     grunt_enter_depths_magical_seal, layout_basic, gammafunk_ghost_grave,
          nicolae_wwwww
Temple:   nicolae_temple_bog_church
Lair:1:   layout_hall_layers
Lair:2:   layout_loops_ring, minmay_shoals_entry_lonely_mermaid,
          nicolae_spider_entry_orb_guardian, infiniplex_staircase_pool_2
Lair:3:   layout_concentric_octagons, gammafunk_ghost_icy,
          gauntlet_entry_generic, nicolae_quartered_pool_impasse,
          chequers_serial_rivers_micro_a, grunt_megastairs_3,
          serial_bayou_shore_a
Lair:4:   layout_hall_layers
Lair:5:   hangedman_lair_tendril_chambers, layout_regular_city, wormcave,
          minmay_slime_entry_jelly_boxes
Spider:1: layout_spider_delve
Spider:2: layout_spider_delve
Spider:3: layout_spider_delve, hangedman_spider_tarantella_strand
Spider:4: hellmonk_spider_rune_bug_friends
Orc:1:    layout_diamond_mine, bh_open_orc_temple
Orc:2:    st_orc_rangers, layout_caves, special_room, serial_shops,
          nicolae_shop_overgrown_old_shop

Skill      XL: |  1  2  3  4  5  6  7  8  9 10 11 12 13 14 15 16 |
---------------+-------------------------------------------------+-----
Dodging        | 3 4 5 6 7 8 10 12 13 14 15 16 | 16.5
Spellcasting   | 3 4 5 7 8 9 10 | 10.0
Stealth        | 5 6 7 8 9 10 12 14 16 17 18 19 | 19.5
Hexes          | 4 5 6 7 8 9 10 | 10.0
Fighting       | 1 2 3 4 5 6 7 8 9 10 | 10.8
Short Blades   | 2 3 4 5 6 7 8 10 11 | 11.1
Ice Magic      | 1 2 3 4 5 7 9 |  9.1
Evocations     | 3 4 5 |  5.0
Invocations    | 3 5 |  5.0
Shields        | 1 4 6 7 |  7.9

Action                   |  1- 3 |  4- 6 |  7- 9 | 10-12 | 13-15 | 16-18 || total
-------------------------+-------+-------+-------+-------+-------+-------++-------
Melee: Dagger            |    91 |   113 |   273 |   331 |  1372 |   479 ||  2659
       Punch             |     1 |     1 |     3 |     4 |       |       ||     9
 Cast: Ensorcelled Hiber |     8 |    20 |    69 |   206 |   377 |    25 ||   705
       Confusing Touch   |       |     2 |     6 |    13 |    81 |    57 ||   159
Invok: Heroism           |       |       |       |       |     2 |       ||     2
       Finesse           |       |       |       |       |       |     1 ||     1
Evoke: Wand              |       |       |       |       |     5 |       ||     5
  Use: Scroll            |       |     4 |    12 |     7 |     9 |     2 ||    34
       Potion            |       |       |     6 |       |     5 |     1 ||    12
 Stab: Sleeping          |    22 |    21 |    44 |   127 |   242 |    43 ||   499
       Distracted        |       |     1 |     1 |     1 |     6 |     1 ||    10
       Confused          |       |     2 |     5 |    14 |    94 |    50 ||   165
       Paralysed         |       |       |       |       |     2 |       ||     2
       Invisible         |       |       |       |       |     1 |       ||     1
Armor: Robe              |     2 |     7 |     9 |    17 |    94 |    19 ||   148
Dodge: Dodged            |    60 |    64 |   164 |   238 |   972 |   434 ||  1932
Block: Buckler           |       |       |       |     4 |   633 |   269 ||   906
       Reflection        |       |       |       |       |    74 |     1 ||    75

Table legend: (Time is in decaauts)
 A = Elapsed time spent in this place.
 B = Non-inter-level travel time spent in this place.
 C = Inter-level travel time spent in this place.
 D = Time resting spent in this place.
 E = Time spent auto-exploring this place.
 F = Levels seen in this place.
 G = Mean time per level.
                   A        B        C        D        E       F      G
               +--------+--------+--------+--------+--------+-----+--------+
         Total |  27152 |  24547 |   2605 |   6350 |  10528 |  28 |  969.7 |
       Dungeon |  14655 |  12515 |   2140 |   2264 |   6716 |  15 |  977.0 |
        Temple |    161 |    138 |     23 |      0 |      0 |   1 |  161.0 |
          Lair |   5930 |   5605 |    325 |   1091 |   2641 |   5 | 1186.0 |
   Spider Nest |   4239 |   4203 |     36 |   2206 |    590 |   4 | 1059.8 |
  Orcish Mines |   2026 |   1947 |     79 |    788 |    579 |   2 | 1013.0 |
      Gauntlet |    139 |    139 |      0 |      0 |      0 |   1 |  139.0 |
               +--------+--------+--------+--------+--------+-----+--------+

Top non-repeatable levels by time:
  Lair:5: 2262 daAuts
    D:10: 1899 daAuts
Spider:3: 1703 daAuts
Spider:1: 1453 daAuts
    D:14: 1380 daAuts
     D:6: 1346 daAuts
   Orc:1: 1220 daAuts
    D:11: 1205 daAuts
     D:9: 1116 daAuts
  Lair:2: 1049 daAuts
     D:7: 1048 daAuts
     D:5: 1042 daAuts
     D:8: 973 daAuts
  Lair:3: 961 daAuts
Spider:2: 947 daAuts
